Map: Interloper LE

Players

highcommandr

  • Race: Zerg Zerg
  • League: Diamond
  • Spawn Location: 5:00

IIIIIIIIIIII - Winner!

  • Race: Protoss Protoss
  • Spawn Location: 11:00

VOD

Have the link to the VOD?

Description

Time

  • Played on: Sept. 23, 2017, 11:13 a.m.
  • Length: 3:20
Show
View Real Time Build Order
Export as new Build Order

highcommandr Zerg 

Build Orders: Pool Only 

Get SALT Encoding   

  12  0:02  Drone  
  13  0:14  Overlord  
  13  0:18  Drone  
  14  0:33  Drone x2  
  16  0:37  Drone  
  18  0:50  Drone  
  18  1:04  Extractor  
  10  1:28  Drone x3  
  10  1:49  Drone  
  11  2:01  Spawning Pool  
  7  2:31  Drone  
  7  2:32  Drone x2  
Show
View Real Time Build Order
Export as new Build Order

IIIIIIIIIIII Protoss - Winner!

Build Orders:  

Get SALT Encoding   

  12  0:01  Probe (Chrono Boost)  
  13  0:12  Assimilator  
  13  0:18  Probe (Chrono Boost)  
  14  0:28  Probe (Chrono Boost)  
Tags
 
League
Diamond
Matchup
PvZ
Opening
Pool Only
Spawn Locations
Cross Positions
Add a new tag
Caveats
  • Supply blocks, unpowered buildings, or Contaminate may cause inaccurate times.
  • Supply counts are checked every 10 seconds.